 Dungeon Crawl Stone Soup version 0.30.1-11-g7821555f0a (webtiles) character file.

Game seed: 6996335097956901932

15582 Cheops the Brawler (level 12, -11/119 HPs)
             Began as a Troll Fighter on Jan 14, 2024.
             Was a Priest of Wu Jian.
             Mangled by a large slime creature (18 damage)
             ... on level 12 of the Dungeon.
             The game lasted 00:28:55 (14229 turns).

Cheops the Brawler (Troll Fighter)                 Turns: 14229, Time: 00:28:56

Health: -11/119    AC: 11    Str: 37    XL:     12   Next: 2%
Magic:  11/11      EV:  8    Int: 15    God:    Wu Jian [***...]
Gold:   732        SH:  9    Dex:  9    Spells: 11/11 levels left

rFire   + +          .
                       - Unarmed
rCold   . . .        i - +0 kite shield
rNeg    . . .        A - +0 swamp dragon scales "Zigapt" {+Blink rPois Int+5}
rPois   +            J - +2 hat
rElec   .            (no cloak)
rCorr   +            (gloves unavailable)
SInv    .            (boots unavailable)
Will    .....        (no amulet) Stlth
                     c - ring "Haosy" {rF++ rCorr Int+6}
HPRegen 1.19/turn    s - +6 ring of strength
MPRegen 0.12/turn

%: no passive effects
@: no status effects
A: large, unfitting armour, claws 3, regeneration 1, shaggy fur 1, tough skin 1
a: Renounce Religion, Evoke Blink, Wall Jump, Serpent's Lash


You were on level 12 of the Dungeon.
You worshipped Wu Jian.
Wu Jian was most pleased with you.
You visited 2 branches of the dungeon, and saw 13 of its levels.

You collected 965 gold pieces.
You spent 233 gold pieces at shops.

Inventory:

Hand Weapons
 b - a +1 broad axe of electrocution
Missiles
 P - 2 throwing nets (quivered)
Armour
 a - a +0 robe
 i - a +0 kite shield (worn)
 u - the +3 robe of a bazaar {rF+ Int-3 SInv}
   (You found it on level 6 of the Dungeon)

   Int:       It affects your intelligence (-3).
   rF:        It protects you from fire.
   SInv:      It lets you see invisible.
 y - +0 steam dragon scales
 A - the +0 swamp dragon scales "Zigapt" (worn) {+Blink rPois Int+5}
   (You acquired it on level 11 of the Dungeon)

   Int:       It affects your intelligence (+5).
   rPois:     It protects you from poison.
   +Blink:    It lets you blink.
 F - a +0 troll leather armour
 J - a +2 hat (worn)
Jewellery
 c - the ring "Haosy" (left claw) {rF++ rCorr Int+6}
   (You found it on level 9 of the Dungeon)

   [ring of intelligence]

   Int:       It affects your intelligence (+6).
   rF:        It greatly protects you from fire.
   rCorr:     It protects you from acid and corrosion.
 g - a ring of flight
 k - a ring of willpower
 s - a +6 ring of strength (right claw)
 x - a ring of ice
Wands
 j - a wand of iceblast (21)
 D - a wand of flame (10)
 H - a wand of polymorph (6)
 I - a wand of quicksilver (3)
 L - a wand of charming (11)
Scrolls
 d - 7 scrolls of teleportation
 l - 3 scrolls of fog
 m - 2 scrolls of enchant weapon
 n - 4 scrolls of silence
 q - 2 scrolls of enchant armour
 t - 2 scrolls of amnesia
 w - 2 scrolls of immolation
 C - a scroll of magic mapping
 E - 4 scrolls of fear
 M - a scroll of identify
 O - 2 scrolls of blinking
Potions
 e - 5 potions of curing {unknown}
 f - 3 potions of brilliance
 h - 3 potions of haste
 o - a potion of ambrosia
 p - a potion of mutation
 r - 3 potions of heal wounds
 v - a potion of lignification {unknown}
 z - a potion of attraction {unknown}
 B - a potion of cancellation {unknown}
 G - a potion of magic {unknown}
 K - 2 potions of flight
 N - a potion of resistance {unknown}


   Skills:
 + Level 8.1 Fighting
 - Level 2.4 Dodging
 - Level 8.3 Shields
 * Level 15.3 Unarmed Combat


You had 11 spell levels left.
You didn't know any spells.
Your spell library contained the following spells:

 Spells                   Type           Power      Damage    Failure   Level
 Magic Dart               Conj           0%         1d3       50%         1
 Blink                    Tloc           0%         N/A       63%         2
 Call Imp                 Summ           0%         N/A       63%         2
 Ensorcelled Hibernation  Hex/Ice        0%         N/A       63%         2
 Lesser Beckoning         Tloc           0%         N/A       63%         2
 Momentum Strike          Conj/Tloc      0%         3d8       63%         2
 Passwall                 Tmut/Erth      0%         N/A       63%         2
 Mephitic Cloud           Conj/Pois/Air  0%         N/A       86%         3
 Ozocubu's Armour         Ice            0%         N/A       86%         3
 Swiftness                Air            0%         N/A       86%         3
 Anguish                  Hex/Necr       0%         N/A       99%         4
 Cause Fear               Hex            0%         N/A       99%         4
 Enfeeble                 Hex            0%         N/A       100%        7
 Ozocubu's Refrigeration  Ice            0%         4d7       100%        7


Dungeon Overview and Level Annotations

Branches:
Dungeon (12/15)            Temple (1/1) D:6             Orc (0/2) D:11
   Lair: D:8-11

Altars:
Ashenzari
Cheibriados
Dithmenos
Elyvilon
Fedhas
Gozag
Hepliaklqana
Kikubaaqudgha
Makhleb
Nemelex Xobeh
Okawaru
Qazlal
Ru
Sif Muna
Trog
Uskayaw
Vehumet
Wu Jian
Xom
Yredelemnul
Zin
The Shining One

Shops:
D:4 *!   D:10 (   D:11 (?

Portals:
Trove: D:10 (lose all piety)


Innate Abilities, Weirdness & Mutations

You are too large for most types of armour.
You have claws for hands.
Your natural rate of healing is unusually fast.
You are covered in fur. (AC +1)
You have tough skin. (AC +1)


Message History

You kill the slime creature!
The Council accepts your kill.
You spin and attack the troll.
You scratch the troll.
The troll is lightly wounded.
The troll bites you! The troll claws you.
The troll claws you but does no damage.
You mangle the troll!!
The troll is heavily wounded.
The troll bites you. The troll claws you but does no damage.
You block the troll's attack. The slime creature closely misses you.
You mangle the troll!!
You kill the troll!
The Council accepts your kill. The slime creature hits you.
A very large slime creature splits.
The slime creature hits you!
You have reached level 12!
You feel stronger.
Unknown command.
You spin and attack the slime creature.
You claw the slime creature!
The slime creature is moderately wounded.
Two slime creatures merge to form a large slime creature.
You claw the slime creature!
The slime creature is severely wounded.
You block the slime creature's attack. The large slime creature hits you!
* * * LOW HITPOINT WARNING * * *
You scratch the slime creature.
The slime creature is almost dead.
You block the large slime creature's attack.
The slime creature hits you but does no damage.
The large slime creature hits you!!
* * * LOW HITPOINT WARNING * * *
You mangle the slime creature!!
You kill the slime creature!
The Council accepts your kill. The large slime creature hits you!!
* * * LOW HITPOINT WARNING * * *
You scratch the large slime creature but do no damage.
The large slime creature is moderately wounded.
The large slime creature hits you!!
You die...

#..##...# ##.## ########.#
#..##...# #.# #.# #.......# #.#
#.# #...##..# ##'## #.# #.......#
##...## #.# #.#.##.## ##.....##
### #.# #......## ##.......##
##.###.#
####.#...####...JJ....####...##.#
†...........+.<.@.....'.......#.#
####.#...####.........####...##.#
#.##.## ##.......## ##.###†#
#.#### ##.....## ### #.# #.#
##...## #.# #.# ##'## ######.#
#.# #.# #......# #.# #.# #.######
##.## #.#


You could see 2 large slime creatures.

Vanquished Creatures
  The ghost of Skitler the Spear-Bearer, a journeyman DsGl of Gozag (D:9)
  A boulder beetle (D:12)
  3 two-headed ogres
  Lodul (D:12)
  A deep elf pyromancer (D:10)
  Pikel (D:3)
  A deep elf zephyrmancer (D:10)
  An ugly thing (D:12)
  A cyclops (D:11)
  2 gargoyles
  3 trolls
  2 slime creatures (D:12)
  A shadow (D:10)
  A basilisk (D:12)
  12 yaks
  3 steam dragons
  2 neqoxecs (D:9)
  Menkaure (D:4)
  A warg (D:11)
  3 water moccasins
  Duvessa (D:4)
  A swamp drake (D:10)
  A black bear (D:6)
  2 ice beasts
  2 sky beasts (D:7)
  7 orc warriors
  5 centaurs
  8 ogres
  3 lemures (D:4)
  4 kobold brigands
  2 bullfrogs
  Blork the orc (D:4)
  A gnoll sergeant (D:10)
  A scorpion (D:4)
  5 wights (D:10)
  Dowan (D:4)
  12 killer bees
  2 jellies
  5 howler monkeys
  A crimson imp (D:10)
  3 quasits (D:9)
  2 hounds
  A sleepcap (D:4)
  3 gnoll boudas
  7 orc priests
  An iron imp (D:10)
  2 iguanas
  13 orc wizards
  Robin (D:3)
  16 gnolls
  2 adders
  2 shadow imps
  A white imp (D:10)
  2 ufetubi
  2 worms (D:2)
  A dart slug (D:4)
  46 orcs
  6 ball pythons
  3 bats
  9 endoplasms
  2 giant cockroaches
  11 goblins
  11 hobgoblins
  11 jackals
  24 kobolds
  A quokka (D:3)
  A frilled lizard (D:2)
  3 rats
  A spectral orc (D:8)
295 creatures vanquished.

Vanquished Creatures (others)
  2 orc wizards (D:10)
  2 orcs (D:10)
4 creatures vanquished.

Grand Total: 299 creatures vanquished

Notes
Turn   | Place    | Note
-------+----------+-------------------------------------------
     0 | D:1      | Cheops the Troll Fighter began the quest for the Orb.
     0 | D:1      | Reached XP level 1. HP: 22/22 MP: 0/0
    89 | D:1      | Reached XP level 2. HP: 19/29 MP: 1/1
   173 | D:1      | Reached skill level 3 in Unarmed Combat
   415 | D:1      | Reached XP level 3. HP: 36/36 MP: 2/2
  1285 | D:3      | Reached skill level 4 in Unarmed Combat
  1286 | D:3      | Reached XP level 4. HP: 41/44 MP: 3/3
  1374 | D:3      | Reached skill level 5 in Unarmed Combat
  1710 | D:3      | Reached XP level 5. HP: 50/50 MP: 4/4
  1943 | D:3      | Noticed Robin
  1955 | D:3      | Killed Robin
  2050 | D:4      | Noticed Pikel
  2050 | D:4      | Noticed a lemure
  2050 | D:4      | Noticed a lemure
  2050 | D:4      | Noticed a lemure
  2050 | D:4      | Found Epaot's Distillery.
  2051 | D:4      | Noticed a lemure
  2087 | D:4      | Reached skill level 6 in Unarmed Combat
  2112 | D:4      | Killed a lemure
  2155 | D:4      | Reached XP level 6. HP: 48/59 MP: 5/5
  2169 | D:4      | Noticed Menkaure
  2283 | D:4      | Killed Menkaure
  2332 | D:4      | Reached skill level 7 in Unarmed Combat
  2382 | D:3      | Killed Pikel
  2383 | D:3      | Reached skill level 8 in Unarmed Combat
  2383 | D:3      | Reached XP level 7. HP: 13/68 MP: 6/6
  2473 | D:4      | Bought a potion of heal wounds for 55 gold pieces
  2473 | D:4      | Bought a potion of berserk rage for 55 gold pieces
  2477 | D:4      | Noticed Duvessa
  2477 | D:4      | Noticed Dowan
  2494 | D:4      | Killed Duvessa
  2495 | D:4      | Reached XP level 8. HP: 78/78 MP: 7/7
  2501 | D:4      | Killed Dowan
  2614 | D:4      | Reached skill level 9 in Unarmed Combat
  2686 | D:4      | You are sucked into a shaft and drop 2 floors!
  2862 | D:6      | Found a staircase to the Ecumenical Temple.
  2879 | Temple   | Entered the Ecumenical Temple
  3003 | Temple   | Became a worshipper of the Wu Jian Council
  3198 | D:6      | Identified the +3 robe of a bazaar {rF+ Int-3 SInv}
  3247 | D:6      | Reached skill level 5 in Fighting
  3283 | D:6      | Reached skill level 10 in Unarmed Combat
  3657 | D:7      | Reached XP level 9. HP: 88/88 MP: 8/8
  4022 | D:7      | Reached * piety under Wu Jian
  4112 | D:7      | Found an ancient bone altar of Kikubaaqudgha.
  4923 | D:5      | Entered Level 5 of the Dungeon
  5130 | D:5      | Reached skill level 11 in Unarmed Combat
  5535 | D:4      | Found Emoet's Elemental Accessories.
  5546 | D:4      | Noticed Blork the orc
  5551 | D:4      | Killed Blork the orc
  7228 | D:4      | Found Epaot's Distillery.
  7390 | D:4      | Found Emoet's Elemental Accessories.
  8034 | D:6      | Found a staircase to the Ecumenical Temple.
  8493 | D:7      | Found an ancient bone altar of Kikubaaqudgha.
  9816 | D:7      | Found an ancient bone altar of Kikubaaqudgha.
 10746 | D:8      | Found a sacrificial altar of Ru.
 10792 | D:8      | Reached skill level 12 in Unarmed Combat
 11004 | D:8      | Found a hazy altar of Hepliaklqana.
 11124 | D:9      | Noticed a two-headed ogre
 11137 | D:9      | Killed a two-headed ogre
 11138 | D:9      | Reached XP level 10. HP: 57/100 MP: 9/9
 11624 | D:9      | Noticed Skitler's ghost (journeyman DsGl)
 11635 | D:9      | Found a transporter.
 11678 | D:9      | Found a transporter.
 12075 | D:9      | Identified the ring "Haosy" {rF++ rCorr Int+6}
 12087 | D:9      | Killed Skitler's ghost
 12088 | D:9      | Reached skill level 5 in Shields
 12088 | D:9      | Reached skill level 13 in Unarmed Combat
 12181 | D:10     | Entered Level 10 of the Dungeon
 12201 | D:10     | Reached ** piety under Wu Jian
 12273 | D:10     | Found a portal to a secret trove of treasure.
 12486 | D:10     | Noticed a two-headed ogre
 12493 | D:10     | Killed a two-headed ogre
 12523 | D:10     | Reached XP level 11. HP: 34/107 MP: 10/10
 12615 | D:10     | Noticed a deep elf pyromancer
 12618 | D:10     | Noticed a deep elf zephyrmancer
 12633 | D:10     | Killed a deep elf pyromancer
 12636 | D:10     | Killed a deep elf zephyrmancer
 12828 | D:10     | Reached *** piety under Wu Jian
 12870 | D:10     | Found an opulent altar of Gozag.
 12901 | D:10     | Found Mussywkycs's Weapon Boutique.
 13170 | D:11     | Found Huhou's Antique Weapon Boutique.
 13306 | D:11     | Reached skill level 14 in Unarmed Combat
 13327 | D:11     | Found a staircase to the Orcish Mines.
 13380 | D:11     | Found Netukk Uplu's Magic Scroll Emporium.
 13388 | D:11     | Bought a scroll of identify for 26 gold pieces
 13388 | D:11     | Bought a scroll of blinking for 97 gold pieces
 13388 | D:11     | Identified a scroll of acquirement
 13389 | D:11     | Acquired the +0 swamp dragon scales "Zigapt" {+Blink rPois
                  | Int+5}
 13485 | D:12     | Noticed Lodul
 13686 | D:12     | Killed Lodul
 13711 | D:12     | Noticed a boulder beetle
 13721 | D:12     | Killed a boulder beetle
 13946 | D:12     | Noticed a green ugly thing
 13952 | D:12     | Killed a green ugly thing
 13953 | D:12     | Reached skill level 15 in Unarmed Combat
 14044 | D:12     | Noticed a two-headed ogre
 14047 | D:12     | Killed a two-headed ogre
 14225 | D:12     | Reached XP level 12. HP: 81/119 MP: 11/11
 14229 | D:12     | Mangled by a large slime creature

Illustrated notes

Levels and vault maps discovered:
D:1:      lightli_arrival_quake, layout_basic, minmay_domino_2
D:2:      layout_basic
D:3:      layout_loops_ring, uniq_robin
D:4:      layout_rooms, serial_shops, shop, small_statue_intersection,
          nicolae_elemental_shop, uniq_pikel, uniq_blork_the_orc, uniq_duvessa,
          uniq_menkaure
D:5:      layout_loops_ring
D:6:      layout_gridville, minmay_temple_entry_ruins
D:7:      layout_layer_cave, mainiacjoe_overflow_surrounded_room
D:8:      layout_rooms, kennysheep_little_box,
          nicolae_hepliaklqana_monster_ancestors
D:9:      layout_basic, gammafunk_ghost_stat_death
D:10:     layout_roguey, grunt_gozag_breadcrumbs, nicolae_trove_entry_crossroad,
          serial_shops, nicolae_shop_bloodbath_and_beyond, st_stairs_11,
          serial_bayou_pond_c, hangedman_minor_magic
D:11:     layout_rooms, due_lair_maze_entry_diamond, david_orc_1_choice,
          serial_shops, nicolae_stop_n_shop_1, nicolae_lakefront_shop, shop,
          shop, nicolae_shop_tiny_real_fake_doors
D:12:     layout_loops_corners, nicolae_uskayaw_suspiria, uniq_lodul
Temple:   hc_temple_tempest_star

Skill      XL: |  1  2  3  4  5  6  7  8  9 10 11 |
---------------+----------------------------------+-----
Unarmed Combat | 3 4 5 6 8 10 12 13 15 | 15.3
Fighting       | 3 4 5 6 8 |  8.1
Shields        | 7 8 |  8.3
Dodging        | |  2.4

Action                     |  1- 3 |  4- 6 |  7- 9 | 10-12 || total
---------------------------+-------+-------+-------+-------++-------
  Melee: Unarmed           |    75 |   155 |   249 |   366 ||   845
Ability: Lunge             |       |       |    12 |    28 ||    40
         Whirlwind         |       |       |       |    14 ||    14
    Use: Potion            |       |       |     1 |     1 ||     2
         Scroll            |       |       |    13 |     6 ||    19
 Armour: Robe              |    21 |    26 |    41 |       ||    88
         Steam dragon scal |       |       |    11 |    27 ||    38
         Troll leather arm |       |       |       |    31 ||    31
         Swamp dragon scal |       |       |       |    11 ||    11
  Dodge: Dodged            |    15 |    34 |    86 |    97 ||   232
  Block: Kite shield       |    31 |    53 |    74 |   103 ||   261
